 Dungeon Crawl Stone Soup version 0.30.0 (webtiles) character file.

Game seed: 15367211266941251849

71 dialectric the Covert (level 4, 0/31 HPs)
             Began as an Octopode Delver on May 6, 2023.
             Slain by a gnoll
             ... wielding a +0 spear
              (5 damage)
             ... while paralysed by Grinder
             ... on level 3 of the Dungeon.
             The game lasted 00:01:06 (145 turns).

dialectric the Covert (Octopode Delver)              Turns: 145, Time: 00:01:06

Health: 0/31       AC:  1    Str: 11    XL:     4   Next: 24%
Magic:  4/4        EV:  2    Int: 12    God:
Gold:   0          SH:  0    Dex: 15    Spells: 3/3 levels left

rFire   . . .        a - +0 short sword
rCold   . . .        (no shield)
rNeg    . . .        (helmet restricted)
rPois   .            (no amulet)
rElec   .            (no ring)
rCorr   .            (no ring)
SInv    .            (no ring)
Will    .....        (no ring)
Stlth   +++++        (no ring)
HPRegen 0.25/turn    (no ring)
MPRegen 0.09/turn    (no ring)
                     (no ring)

%: no passive effects
@: paralysed
A: almost no armour, amphibious, 8 rings, camouflage 1, gelatinous body 1,
(nimble swimmer 1), tentacles
a: no special abilities


You were on level 3 of the Dungeon.
You visited 1 branch of the dungeon, and saw 3 of its levels.

Inventory:

Hand Weapons
 a - a +0 short sword (weapon)
Wands
 f - a wand of digging (3)
Scrolls
 b - a scroll of fog
 c - a scroll of magic mapping
 d - a scroll of fear
 g - a scroll of poison {unknown}
Potions
 e - a potion of haste


   Skills:
 + Level 3.1 Fighting
 + Level 2.1 Short Blades
 + Level 2.1 Dodging
 * Level 8.4 Stealth


You had 3 spell levels left.
You didn't know any spells.
Your spell library was empty.

Dungeon Overview and Level Annotations

Branches:
Dungeon (5/15)
 Temple: D:4-7

Altars:

Annotations:
D:3 Grinder, Natasha, Sigmund


Innate Abilities, Weirdness & Mutations

You cannot wear most types of armour.
You are amphibious.
You can wear up to eight rings at the same time.
Your skin changes colour to match your surroundings (Stealth+).
Your rubbery body absorbs attacks. (AC +1, EV +1)
((You are camouflaged when in or above water. (Stealth+)))
You have tentacles for arms and can constrict up to eight enemies at once.


Message History

The helpless orc fails to defend itself.
You impale the orc!!
You kill the orc!
A gnoll comes into view. It is wielding a +0 spear.
Grinder gestures at you. Pain shoots through your body!
A gnoll comes into view. It is wielding a +0 spear.
The helpless gnoll fails to defend itself.
You impale the gnoll!!
You kill the gnoll!
You have reached level 4!
Unknown command.
The helpless gnoll fails to defend itself.
You impale the gnoll!!
You kill the gnoll!
Unknown command.
The gnoll shouts!
Grinder says, "Just stop there for a second..."
The gnoll hits you with a +0 spear.
You hit the gnoll but do no damage. You grab the gnoll.
You constrict the gnoll. The gnoll hits you with a +0 spear.
* * * LOW HITPOINT WARNING * * *
You hit the gnoll.
The gnoll is lightly wounded.
You constrict the gnoll. The gnoll misses you.
You hit the gnoll.
You squeeze the gnoll, but do no damage.
The gnoll is heavily wounded.
You constrict the gnoll. The gnoll hits you with a +0 spear.
* * * LOW HITPOINT WARNING * * *
Grinder misses you.
Unknown command.
Okay, then.
You hit the gnoll.
The gnoll is severely wounded.
You constrict the gnoll. Grinder gestures at you.
You suddenly lose the ability to move!
You lose your grip on the gnoll.
The gnoll hits you with a +0 spear.
You die...

#.........#.....###
.
#....)...........#
#............###..#
#####.#..###..#
#?... ###...##
##... .... #)...##
### ##.. #)...# ..
#.5..# # ##@#....#
#g####... #.# ..
#.# . ..# .## . #.


You could see Grinder and a gnoll.

Vanquished Creatures
  Natasha (D:3)
  An iguana (D:5)
  2 gnolls (D:3)
  An orc (D:3)
5 creatures vanquished.

Notes
Turn   | Place    | Note
-------+----------+-------------------------------------------
     0 | D:5      | dialectric the Octopode Delver began the quest for the Orb.
     0 | D:5      | Reached XP level 1. HP: 16/16 MP: 1/1
     2 | D:5      | Noticed an iguana
    19 | D:5      | Noticed a gnoll bouda
    20 | D:5      | Killed an iguana
    21 | D:5      | Reached skill level 7 in Stealth
    21 | D:5      | Reached XP level 2. HP: 8/21 MP: 2/2
    21 | D:5      | Reached XP level 3. HP: 10/26 MP: 3/3
    32 | D:3      | Noticed Natasha
    35 | D:3      | Killed Natasha
    36 | D:3      | Reached skill level 8 in Stealth
   111 | D:3      | Noticed Natasha
   118 | D:3      | Noticed Grinder
   122 | D:3      | Noticed Sigmund
   138 | D:3      | Reached XP level 4. HP: 17/31 MP: 4/4
   145 | D:3      | Paralysed by Grinder for 3 turns
   145 | D:3      | Slain by a gnoll

Illustrated notes

Levels and vault maps discovered:
D:3:      layout_rooms, serial_shops, shop, shop, uniq_grinder, uniq_natasha,
          uniq_sigmund, uniq_ijyb
D:4:      layout_cave_pools, grunt_temple_overflow_gold_and_silver,
          grunt_qazlal_clouds, minmay_three_crescents
D:5:      layout_basic, mainiacjoe_overflow_tiny_flanked, serial_bayou_ford_a,
          hellmonk_guarded_unrand_hermit

Skill      XL: |  1  2  3 |
---------------+----------+-----
Stealth        | 7 8 |  8.4
Fighting       | |  3.1
Short Blades   | |  2.1
Dodging        | |  2.1

Action                     |  1- 3 |  4- 6 || total
---------------------------+-------+-------++-------
  Melee: Short sword       |    10 |     5 ||    15
         Tentacles         |     6 |     1 ||     7
         Constrict         |     1 |     1 ||     2
   Stab: Sleeping          |     3 |     1 ||     4
 Armour: Skin              |     1 |       ||     1
  Dodge: Dodged            |     6 |     2 ||     8
